Admirals vs Rampage

Created - Saturday, December 06, 2014 at 23:54

Goals
1 2 3 T
Admirals 1 0 0 1
Rampage 1 0 2 3
Shots
1 2 3 T
Admirals 6 10 7 23
Rampage 10 2 14 26

1st period

1. Admirals , Mike Sislo 11 (Darryl Boyce, Bryan Rodney) at 11:32
2. Rampage , Keith Aulie 2 (Will O'Neill, Matt Puempel) at 14:46

Penalties :
Farm Player2 (NOR) for Slashing (Minor) at 2:53, Nathan McIver (NOR) for Cross-checking (Minor) at 12:15, Darryl Boyce (NOR) for Goalie Interference (Minor) at 19:10

2nd period

No Goal

Penalties :
No Penalty

3rd period

3. Rampage , Eric Boulton 11 (Martin Frk) at 12:01
4. Rampage , Matt Puempel 6 (Eric Boulton, Matt D'Agostini) at 19:05 (PP)

Penalties :
Eric Boulton (SAN) for Hooking (Minor) at 12:10, Jonathan Marchessault (NOR) for Hooking (Minor) at 17:16

Goalie Stats

Brad Thiessen (NOR), 23 saves from 26 shots - (0.885), L, 11-8-2, 60:00 minutes
Mike Murphy (SAN), 22 saves from 23 shots - (0.957), W, 2-10-1, 60:00 minutes

Players Stats for Admirals

Player Name              G  A  P  +/- PIM S  H  SB GA TA FO     MP     PP MP  PK MP  
------------------------------------------------------------------------------------
Brayden Irwin            0  0  0   0  0   0  0  0  0  0  0/0     0:00   0:00   0:00 
Bryan Rodney             0  1  1   0  0   1  1  3  0  1  0/0    27:47   1:30   4:07 
Cade Fairchild           0  0  0  -1  0   0  1  0  0  0  0/0    25:08   0:29   4:21 
Carter Ashton            0  0  0   0  0   3  3  0  3  1  0/0    16:03   0:51   0:00 
Carter Camper            0  0  0  -1  0   0  2  1  0  1  9/14   22:58   0:43   3:21 
Darryl Boyce             0  1  1   1  2   3  0  1  1  1  2/3    17:09   1:08   0:00 
Farm Player11            0  0  0   0  0   0  1  0  0  0  1/2    11:28   0:28   2:56 
Farm Player2             0  0  0  -2  2   0  1  0  0  0  0/1    21:17   1:30   2:22 
Jean-Gabriel Pageau      0  0  0   0  0   0  1  0  0  0  1/1    20:23   1:08   1:33 
Jerry D'Amigo            0  0  0  -1  0   3  0  1  6  0  0/0    13:08   0:00   0:00 
Jonathan Marchessault    0  0  0  -2  2   4  3  0  1  1  5/7    21:10   0:48   4:07 
Maxime Langelier-Parent  0  0  0   0  0   0  0  0  0  0  0/0     0:00   0:00   0:00 
Mike Sislo               1  0  1   1  0   3  1  1  2  1  0/1    14:42   0:00   0:00 
Mike Zigomanis           0  0  0   0  0   2  1  2  1  2  8/14   19:49   0:51   2:09 
Nathan McIver            0  0  0  -1  2   1  0  0  1  0  0/0    20:36   0:00   0:00 
Ryan Bourque             0  0  0   0  0   3  3  0  0  0  2/3    15:45   0:00   2:29 
Scott Ford               0  0  0   1  0   0  0  0  0  0  0/0    24:47   0:29   3:39 
Sven Andrighetto         0  0  0   0  0   0  0  0  0  0  0/0     0:00   0:00   0:00 

Players Stats for Rampage

Player Name              G  A  P  +/- PIM S  H  SB GA TA FO     MP     PP MP  PK MP  
------------------------------------------------------------------------------------
Adam Almquist            0  0  0   1  0   0  3  1  0  0  0/0    28:05   4:08   1:39 
Andrey Pedan             0  0  0   0  0   0  1  1  1  1  0/0    25:01   4:08   0:20 
Calle Jarnkrok           0  0  0  -1  0   1  0  1  2  0  7/9    17:44   0:00   0:00 
Charles-Olivier Roussel  0  0  0   0  0   0  1  3  0  0  0/0    27:03   3:12   0:20 
Eric Boulton             1  1  2   1  2   2  5  0  0  0  0/0    19:28   4:29   0:00 
Jesper Fast              0  0  0  -1  0   5  0  0  4  2  1/2    21:22   3:17   0:00 
Joe Diamond              0  0  0   0  0   0  0  0  0  0  0/0     0:00   0:00   0:00 
Johan Sundstrom          0  0  0   0  0   1  1  0  1  0  0/0     1:09   0:00   0:00 
John Persson             0  0  0   0  0   1  1  0  0  0  1/3    19:29   3:25   1:31 
Keith Aulie              1  0  1   1  0   2  0  0  1  0  0/0    22:33   0:00   1:39 
Martin Frk               0  1  1   1  0   3  2  0  2  1  0/0    21:03   3:25   0:00 
Matt D'Agostini          0  1  1  -1  0   3  5  0  1  1  3/10   22:59   3:59   0:49 
Matt Puempel             1  1  2   1  0   4  0  0  3  2  0/1    23:27   4:21   0:42 
Mikael Samuelsson        0  0  0   1  0   2  0  1  6  0  4/16   19:29   0:00   0:00 
Nick Tuzzolino           0  0  0   0  0   0  1  0  0  0  0/0     4:27   3:38   0:00 
Ryan Potulny             0  0  0   1  0   2  0  0  1  0  2/5     8:59   0:22   0:45 
Tim Miller               0  0  0   0  0   0  0  0  0  0  0/0     2:35   0:00   0:11 
Will O'Neill             0  1  1   1  0   0  2  0  1  0  0/0    13:07   0:26   0:00 

3 Stars

1 - Eric Boulton (SAN)
2 - Matt Puempel (SAN)
3 - Mike Murphy (SAN)

Power Play

Admirals - 0 on 1 Attempt(s) - 0.00%
Rampage - 1 on 4 Attempt(s) - 25.00%

Penalty Kill

Admirals - 3 on 4 Attempt(s) - 75.00% - Score 0 goal in Penalty Kill
Rampage - 1 on 1 Attempt(s) - 100.00% - Score 0 goal in Penalty Kill

Official

Referees : Unknown
Linesman : Unknown

Game Notes

No Game Note

Finance

Level 1 -- Attendance: 1594 (79.70%) -- Ticket Income $55,790
Level 2 -- Attendance: 817 (81.70%) -- Ticket Income $12,255
Total Attendance: 2411 (80.37%)
Total Ticket Income: $68,045
Other Income: $33,342
Total Income: $101,387

Admirals

5 vs 5 Forward 
   Center                   Left Wing                Right Wing               Time % Phy DF OF 
 1 Carter Camper            Jonathan Marchessault    Jerry D'Amigo            35     1   2  2  
 2 Mike Zigomanis           Jean-Gabriel Pageau      Carter Ashton            30     1   2  2  
 3 Carter Camper            Darryl Boyce             Mike Sislo               22     1   2  2  
 4 Ryan Bourque             Jonathan Marchessault    Jean-Gabriel Pageau      13     1   2  2  

5 vs 5 Defense 
   Defense                  Defense                                           Time % Phy DF OF 
 1 Nathan McIver            Bryan Rodney                                      35     1   2  2  
 2 Cade Fairchild           Scott Ford                                        30     1   2  2  
 3 Cade Fairchild           Farm Player2                                      22     1   2  2  
 4 Scott Ford               Bryan Rodney                                      13     1   2  2  

PowerPlay Forward 
   Center                   Left Wing                Right Wing               Time % Phy DF OF 
 1 Jean-Gabriel Pageau      Jonathan Marchessault    Darryl Boyce             60     1   2  2  
 2 Mike Zigomanis           Carter Camper            Carter Ashton            40     1   2  2  

PowerPlay Defense
   Defense                  Defense                                           Time % Phy DF OF 
 1 Farm Player2             Bryan Rodney                                      60     1   2  2  
 2 Cade Fairchild           Scott Ford                                        40     1   2  2  

Penalty Kill 4 Players Forward 
   Center                   Wing                     Time % Phy DF OF 
 1 Jonathan Marchessault    Carter Camper            60     1   2  2  
 2 Mike Zigomanis           Jean-Gabriel Pageau      40     1   2  2  

Penalty Kill 4 Players Defense
   Defense                  Defense                  Time % Phy DF OF 
 1 Farm Player2             Bryan Rodney             60     1   2  2  
 2 Cade Fairchild           Scott Ford               40     1   2  2  

Penalty Kill - 3 Players Forward 
   Forward                                           Time % Phy DF OF 
 1 Jonathan Marchessault                             60     1   2  2  
 2 Carter Camper                                     40     1   2  2  

Penalty Kill - 3 Players Defense
   Defense                  Defense                  Time % Phy DF OF 
 1 Farm Player2             Bryan Rodney             60     1   2  2  
 2 Cade Fairchild           Scott Ford               40     1   2  2  

4 vs 4 Forward 
   Center                   Wing                     Time % Phy DF OF 
 1 Jonathan Marchessault    Carter Camper            60     1   2  2  
 2 Mike Zigomanis           Jean-Gabriel Pageau      40     1   2  2  

4 vs 4 Defense
   Defense                  Defense                  Time % Phy DF OF 
 1 Nathan McIver            Bryan Rodney             60     1   2  2  
 2 Cade Fairchild           Scott Ford               40     1   2  2  

Last Minutes Offensive
   Center                   Left Wing                Right Wing               Defense                  Defense                  
   Jean-Gabriel Pageau      Jonathan Marchessault    Mike Zigomanis           Cade Fairchild           Bryan Rodney             

Last Minutes Defensive
   Center                   Left Wing                Right Wing               Defense                  Defense                  
   Jean-Gabriel Pageau      Jonathan Marchessault    Mike Zigomanis           Cade Fairchild           Bryan Rodney             

Goaltenders
Starting : Brad Thiessen            
Backup : David LeNeveu            

Extra Forwards
Normal : Carter Camper, Darryl Boyce, Ryan Bourque - PP : Carter Camper, Darryl Boyce - PK : Ryan Bourque
Extra Defensemen
Normal : Bryan Rodney, Farm Player2, Cade Fairchild - PP : Cade Fairchild - PK : Farm Player2, Cade Fairchild
Penalty Shots
Jonathan Marchessault, Jean-Gabriel Pageau, Mike Zigomanis, Darryl Boyce, Carter Camper

Rampage

5 vs 5 Forward 
   Center                   Left Wing                Right Wing               Time % Phy DF OF 
 1 Mikael Samuelsson        Matt Puempel             Matt D'Agostini          35     1   2  2  
 2 Calle Jarnkrok           Jesper Fast              Martin Frk               30     1   2  2  
 3 Matt D'Agostini          Eric Boulton             Jesper Fast              22     1   2  2  
 4 Mikael Samuelsson        John Persson             Matt Puempel             13     1   2  2  

5 vs 5 Defense 
   Defense                  Defense                                           Time % Phy DF OF 
 1 Keith Aulie              Adam Almquist                                     35     1   2  2  
 2 Charles-Olivier Roussel  Andrey Pedan                                      30     1   2  2  
 3 Charles-Olivier Roussel  Adam Almquist                                     22     1   2  2  
 4 Charles-Olivier Roussel  Adam Almquist                                     13     1   2  2  

PowerPlay Forward 
   Center                   Left Wing                Right Wing               Time % Phy DF OF 
 1 Matt D'Agostini          Matt Puempel             Eric Boulton             60     1   2  2  
 2 John Persson             Jesper Fast              Martin Frk               40     1   2  2  

PowerPlay Defense
   Defense                  Defense                                           Time % Phy DF OF 
 1 Andrey Pedan             Adam Almquist                                     60     1   2  2  
 2 Charles-Olivier Roussel  Nick Tuzzolino                                    40     1   2  2  

Penalty Kill 4 Players Forward 
   Center                   Wing                     Time % Phy DF OF 
 1 Eric Boulton             John Persson             60     1   2  2  
 2 Matt Puempel             Jesper Fast              40     1   2  2  

Penalty Kill 4 Players Defense
   Defense                  Defense                  Time % Phy DF OF 
 1 Keith Aulie              Adam Almquist            60     1   2  2  
 2 Charles-Olivier Roussel  Andrey Pedan             40     1   2  2  

Penalty Kill - 3 Players Forward 
   Forward                                           Time % Phy DF OF 
 1 Jesper Fast                                       60     1   2  2  
 2 Matt Puempel                                      40     1   2  2  

Penalty Kill - 3 Players Defense
   Defense                  Defense                  Time % Phy DF OF 
 1 Keith Aulie              Adam Almquist            60     1   2  2  
 2 Charles-Olivier Roussel  Andrey Pedan             40     1   2  2  

4 vs 4 Forward 
   Center                   Wing                     Time % Phy DF OF 
 1 John Persson             Eric Boulton             60     1   2  2  
 2 Matt Puempel             Jesper Fast              40     1   2  2  

4 vs 4 Defense
   Defense                  Defense                  Time % Phy DF OF 
 1 Andrey Pedan             Adam Almquist            60     1   2  2  
 2 Charles-Olivier Roussel  Keith Aulie              40     1   2  2  

Last Minutes Offensive
   Center                   Left Wing                Right Wing               Defense                  Defense                  
   Mikael Samuelsson        Matt Puempel             Matt D'Agostini          Keith Aulie              Adam Almquist            

Last Minutes Defensive
   Center                   Left Wing                Right Wing               Defense                  Defense                  
   Mikael Samuelsson        Matt Puempel             Matt D'Agostini          Keith Aulie              Adam Almquist            

Goaltenders
Starting : Mike Murphy              
Backup : Matt Hackett             

Extra Forwards
Normal : Eric Boulton, John Persson, Matt Puempel - PP : Eric Boulton, John Persson - PK : Matt Puempel
Extra Defensemen
Normal : Charles-Olivier Roussel, Andrey Pedan, Adam Almquist - PP : Adam Almquist - PK : Charles-Olivier Roussel, Adam Almquist
Penalty Shots
John Persson, Mikael Samuelsson, Matt Puempel, Jesper Fast, Eric Boulton

% Time on Ice - Admirals

Lines # - Real PCT - Wanted PCT - Time Play
Normal Forward
1 - 27% - 35% - 13:43
2 - 32% - 30% - 16:19
3 - 29% - 22% - 14:42
4 - 11% - 13% - 5:31
Normal Defense
1 - 40% - 35% - 20:20
2 - 29% - 30% - 14:30
3 - 18% - 22% - 8:50
4 - 13% - 13% - 6:35
PP Forward
1 - 57% - 60% - 1:08
2 - 43% - 40% - 0:51
PP Defense
1 - 76% - 60% - 1:30
2 - 24% - 40% - 0:29
PK Forward
1 - 80% - 60% - 6:13
2 - 20% - 40% - 1:33
PK Defense
1 - 53% - 60% - 4:07
2 - 47% - 40% - 3:39
PK3 Forward
1 - 0% - 60%
2 - 0% - 40%
PK3 Defense
1 - 0% - 60%
2 - 0% - 40%
44 Forward
1 - 0% - 60%
2 - 0% - 40%
44 Defense
1 - 0% - 60%
2 - 0% - 40%
Last Minute Offensive  - 0:00
Last Minute Defensive  - 0:00
Total
Forward - 60:00
Defense - 60:00

% Time on Ice - Rampage

Lines # - Real PCT - Wanted PCT - Time Play
Normal Forward
1 - 27% - 35% - 13:21
2 - 39% - 30% - 19:27
3 - 16% - 22% - 8:09
4 - 19% - 13% - 9:18
Normal Defense
1 - 42% - 35% - 21:18
2 - 38% - 30% - 19:15
3 - 15% - 22% - 7:30
4 - 4% - 13% - 2:12
PP Forward
1 - 56% - 60% - 4:21
2 - 44% - 40% - 3:25
PP Defense
1 - 53% - 60% - 4:08
2 - 47% - 40% - 3:38
PK Forward
1 - 100% - 60% - 1:59
2 - 0% - 40% - 0:00
PK Defense
1 - 83% - 60% - 1:39
2 - 17% - 40% - 0:20
PK3 Forward
1 - 0% - 60%
2 - 0% - 40%
PK3 Defense
1 - 0% - 60%
2 - 0% - 40%
44 Forward
1 - 0% - 60%
2 - 0% - 40%
44 Defense
1 - 0% - 60%
2 - 0% - 40%
Last Minute Offensive  - 0:00
Last Minute Defensive  - 0:00
Total
Forward - 60:00
Defense - 60:00

Play by Play

1st period


0:01 of 1st period - Carter Camper wins face-off versus Mikael Samuelsson in neutral zone.
1:08 of 1st period - Wrist shot by Mike Zigomanis.
1:08 of 1st period - Stopped by Mike Murphy without a rebound.
1:09 of 1st period - Matt D'Agostini wins face-off versus Mike Zigomanis in Rampage zone.
1:36 of 1st period - Wrist shot by Mike Zigomanis.
1:36 of 1st period - Stopped by Mike Murphy with a rebound.
1:38 of 1st period - Slapshot by Scott Ford.
1:38 of 1st period - Shot Blocked by Charles-Olivier Roussel.
2:41 of 1st period - Slapshot by Jesper Fast.
2:41 of 1st period - Stopped by Brad Thiessen with a rebound.
2:53 of 1st period - Minor Penalty to Farm Player2 for Slashing.
2:54 of 1st period - Jonathan Marchessault wins face-off versus Matt D'Agostini in Admirals zone.
3:08 of 1st period - Off-side.
3:09 of 1st period - Jonathan Marchessault wins face-off versus Matt D'Agostini in neutral zone.
3:19 of 1st period - Wrist shot by Matt Puempel.
3:19 of 1st period - Deflect By Matt D'Agostini.
3:19 of 1st period - Stopped by Brad Thiessen with a rebound.
3:21 of 1st period - Slapshot by Matt Puempel.
3:21 of 1st period - Stopped by Brad Thiessen without a rebound.
3:22 of 1st period - John Persson wins face-off versus Jonathan Marchessault in Admirals zone.
3:25 of 1st period - Wrist shot by Martin Frk.
3:25 of 1st period - Stopped by Brad Thiessen with a rebound.
4:02 of 1st period - Bryan Rodney is hit by Eric Boulton and loses puck.
4:35 of 1st period - Wrist shot by Martin Frk.
4:35 of 1st period - Stopped by Brad Thiessen with a rebound.
4:49 of 1st period - Eric Boulton is hit by Jonathan Marchessault and loses puck.
4:53 of 1st period - Penalty to Farm Player2 is over, Farm Player2 is back on ice.
4:55 of 1st period - Off-side.
4:56 of 1st period - Carter Camper wins face-off versus Matt D'Agostini in neutral zone.
5:39 of 1st period - Bryan Rodney is hit by Charles-Olivier Roussel and loses puck.
7:09 of 1st period - Jean-Gabriel Pageau is hit by Eric Boulton and loses puck.
7:59 of 1st period - Snap shot by Mike Sislo.
7:59 of 1st period - Stopped by Mike Murphy with a rebound.
8:01 of 1st period - Slapshot by Cade Fairchild.
8:01 of 1st period - Shot Blocked by Charles-Olivier Roussel.
8:03 of 1st period - Slapshot by Ryan Bourque.
8:03 of 1st period - Shot Blocked by Andrey Pedan.
8:05 of 1st period - Slapshot by Mike Sislo.
8:05 of 1st period - Shot Misses the Net.
9:20 of 1st period - Icing by Mike Zigomanis.
9:21 of 1st period - Mike Zigomanis wins face-off versus Mikael Samuelsson in Admirals zone.
10:07 of 1st period - Cade Fairchild is hit by Will O'Neill and loses puck.
10:50 of 1st period - Slapshot by Eric Boulton.
10:50 of 1st period - Deflect By Ryan Potulny.
10:50 of 1st period - Shot Misses the Net.
10:50 of 1st period - Puck is out of play.
10:51 of 1st period - Ryan Potulny wins face-off versus Carter Camper in Admirals zone.
11:06 of 1st period - Snap shot by Calle Jarnkrok.
11:06 of 1st period - Shot Blocked by Jerry D'Amigo.
11:08 of 1st period - Snap shot by Matt D'Agostini.
11:08 of 1st period - Stopped by Brad Thiessen with a rebound.
11:10 of 1st period - Wrist shot by Jesper Fast.
11:10 of 1st period - Stopped by Brad Thiessen with a rebound.
11:22 of 1st period - Wrist shot by Mike Sislo.
11:22 of 1st period - Shot Blocked by Charles-Olivier Roussel.
11:24 of 1st period - Snap shot by Bryan Rodney.
11:24 of 1st period - Shot Misses the Net.
11:26 of 1st period - Wrist shot by Darryl Boyce.
11:26 of 1st period - Shot Misses the Net.
11:28 of 1st period - Wrist shot by Darryl Boyce.
11:28 of 1st period - Shot Misses the Net.
11:30 of 1st period - Snap shot by Bryan Rodney.
11:30 of 1st period - Deflect By Darryl Boyce.
11:30 of 1st period - Stopped by Mike Murphy with a rebound.
11:32 of 1st period - Wrist shot by Mike Sislo.
11:32 of 1st period - Goal by Mike Sislo - Admirals : 1 - Rampage : 0.
11:33 of 1st period - Carter Camper wins face-off versus Mikael Samuelsson in neutral zone.
11:41 of 1st period - Wrist shot by Matt Puempel.
11:41 of 1st period - Shot Misses the Net.
11:43 of 1st period - Snap shot by Adam Almquist.
11:43 of 1st period - Deflect By Mikael Samuelsson.
11:43 of 1st period - Shot Misses the Net.
11:43 of 1st period - Puck is out of play.
11:44 of 1st period - Carter Camper wins face-off versus Mikael Samuelsson in Admirals zone.
12:15 of 1st period - Minor Penalty to Nathan McIver for Cross-checking.
12:16 of 1st period - Carter Camper wins face-off versus Matt D'Agostini in Admirals zone.
13:39 of 1st period - Ryan Bourque is hit by John Persson and loses puck.
13:56 of 1st period - Bryan Rodney is hit by Matt D'Agostini and loses puck.
14:15 of 1st period - Penalty to Nathan McIver is over, Nathan McIver is back on ice.
14:19 of 1st period - Backhand shot by Martin Frk.
14:19 of 1st period - Stopped by Brad Thiessen with a rebound.
14:44 of 1st period - Slapshot by Will O'Neill.
14:44 of 1st period - Shot Misses the Net.
14:46 of 1st period - Slapshot by Keith Aulie.
14:46 of 1st period - Goal by Keith Aulie - Admirals : 1 - Rampage : 1.
14:47 of 1st period - Mike Zigomanis wins face-off versus Mikael Samuelsson in neutral zone.
15:02 of 1st period - Off-side.
15:03 of 1st period - Mike Zigomanis wins face-off versus Mikael Samuelsson in neutral zone.
15:24 of 1st period - Calle Jarnkrok is hit by Carter Ashton.
16:09 of 1st period - Andrey Pedan is hit by Carter Camper and loses puck.
16:46 of 1st period - Jonathan Marchessault is hit by Matt D'Agostini and loses puck.
16:55 of 1st period - Slapshot by Matt D'Agostini.
16:55 of 1st period - Shot Misses the Net.
17:22 of 1st period - Off-side.
17:23 of 1st period - Calle Jarnkrok wins face-off versus Carter Camper in neutral zone.
17:40 of 1st period - Jean-Gabriel Pageau is hit by Andrey Pedan and loses puck.
18:10 of 1st period - Jean-Gabriel Pageau is hit by Adam Almquist and loses puck.
18:17 of 1st period - Bryan Rodney is hit by Adam Almquist.
18:21 of 1st period - Snap shot by Ryan Bourque.
18:21 of 1st period - Stopped by Mike Murphy with a rebound.
18:34 of 1st period - Icing by Bryan Rodney.
18:35 of 1st period - Mikael Samuelsson wins face-off versus Carter Camper in Admirals zone.
19:01 of 1st period - Snap shot by Mikael Samuelsson.
19:01 of 1st period - Stopped by Brad Thiessen with a rebound.
19:03 of 1st period - Slapshot by Will O'Neill.
19:03 of 1st period - Shot Misses the Net.
19:10 of 1st period - Minor Penalty to Darryl Boyce for Goalie Interference.
19:11 of 1st period - Matt D'Agostini wins face-off versus Jonathan Marchessault in Admirals zone.
19:47 of 1st period - Off-side.
19:48 of 1st period - Mike Zigomanis wins face-off versus John Persson in neutral zone.
Goals for this period are 1 for Admirals vs 1 for Rampage.
Shots for this period are 6 for Admirals vs 10 for Rampage.

2nd period


0:01 of 2nd period - Jonathan Marchessault wins face-off versus Matt Puempel in neutral zone.
0:36 of 2nd period - Wrist shot by Eric Boulton.
0:36 of 2nd period - Shot Misses the Net.
0:50 of 2nd period - John Persson is hit by Jonathan Marchessault and loses puck.
0:59 of 2nd period - Snap shot by John Persson.
0:59 of 2nd period - Deflect By Jonathan Marchessault.
0:59 of 2nd period - Shot Misses the Net.
0:59 of 2nd period - Puck is out of play.
1:00 of 2nd period - Jonathan Marchessault wins face-off versus John Persson in Admirals zone.
1:00 of 2nd period - Jonathan Marchessault is hit by Martin Frk.
1:10 of 2nd period - Penalty to Darryl Boyce is over, Darryl Boyce is back on ice.
1:15 of 2nd period - Snap shot by Martin Frk.
1:15 of 2nd period - Shot Misses the Net.
3:01 of 2nd period - Mike Sislo is hit by Matt D'Agostini and loses puck.
3:47 of 2nd period - Snap shot by Carter Ashton.
3:47 of 2nd period - Stopped by Mike Murphy with a rebound.
4:11 of 2nd period - Martin Frk is hit by Carter Camper.
4:15 of 2nd period - Wrist shot by Jonathan Marchessault.
4:15 of 2nd period - Stopped by Mike Murphy with a rebound.
4:35 of 2nd period - Charles-Olivier Roussel is hit by Farm Player2 and loses puck.
6:53 of 2nd period - Mike Sislo is hit by Johan Sundstrom.
7:14 of 2nd period - Ryan Potulny is hit by Ryan Bourque.
7:28 of 2nd period - Andrey Pedan is hit by Jonathan Marchessault and loses puck.
7:42 of 2nd period - Icing by Bryan Rodney.
7:43 of 2nd period - Jesper Fast wins face-off versus Carter Camper in Admirals zone.
7:51 of 2nd period - Snap shot by Jesper Fast.
7:51 of 2nd period - Shot Misses the Net.
8:40 of 2nd period - John Persson is hit by Carter Ashton.
8:55 of 2nd period - Matt D'Agostini is hit by Bryan Rodney and loses puck.
9:08 of 2nd period - Off-side.
9:09 of 2nd period - Ryan Bourque wins face-off versus Mikael Samuelsson in neutral zone.
9:52 of 2nd period - Jerry D'Amigo is hit by Adam Almquist and loses puck.
9:58 of 2nd period - Off-side.
9:59 of 2nd period - Darryl Boyce wins face-off versus Mikael Samuelsson in neutral zone.
10:41 of 2nd period - Slapshot by Eric Boulton.
10:41 of 2nd period - Shot Misses the Net.
11:07 of 2nd period - Snap shot by Carter Ashton.
11:07 of 2nd period - Shot Misses the Net.
11:09 of 2nd period - Slapshot by Carter Ashton.
11:09 of 2nd period - Stopped by Mike Murphy with a rebound.
11:11 of 2nd period - Slapshot by Cade Fairchild.
11:11 of 2nd period - Shot Blocked by Calle Jarnkrok.
11:18 of 2nd period - Icing by Jesper Fast.
11:19 of 2nd period - Calle Jarnkrok wins face-off versus Farm Player11 in Rampage zone.
11:47 of 2nd period - Slapshot by Jonathan Marchessault.
11:47 of 2nd period - Stopped by Mike Murphy with a rebound.
11:49 of 2nd period - Slapshot by Nathan McIver.
11:49 of 2nd period - Stopped by Mike Murphy without a rebound.
11:50 of 2nd period - Jonathan Marchessault wins face-off versus Matt D'Agostini in Rampage zone.
13:01 of 2nd period - Wrist shot by Mike Sislo.
13:01 of 2nd period - Shot Misses the Net.
13:03 of 2nd period - Slapshot by Mike Sislo.
13:03 of 2nd period - Stopped by Mike Murphy without a rebound.
13:04 of 2nd period - Mikael Samuelsson wins face-off versus Mike Sislo in Rampage zone.
14:09 of 2nd period - Wrist shot by Darryl Boyce.
14:09 of 2nd period - Stopped by Mike Murphy with a rebound.
14:11 of 2nd period - Wrist shot by Ryan Bourque.
14:11 of 2nd period - Stopped by Mike Murphy with a rebound.
14:13 of 2nd period - Snap shot by Darryl Boyce.
14:13 of 2nd period - Stopped by Mike Murphy with a rebound.
14:15 of 2nd period - Slapshot by Ryan Bourque.
14:15 of 2nd period - Stopped by Mike Murphy with a rebound.
14:45 of 2nd period - Icing by Jean-Gabriel Pageau.
14:46 of 2nd period - Calle Jarnkrok wins face-off versus Mike Zigomanis in Admirals zone.
15:40 of 2nd period - Snap shot by Matt Puempel.
15:40 of 2nd period - Shot Misses the Net.
15:42 of 2nd period - Slapshot by Matt Puempel.
15:42 of 2nd period - Shot Misses the Net.
16:12 of 2nd period - Andrey Pedan is hit by Cade Fairchild and loses puck.
16:39 of 2nd period - Snap shot by Johan Sundstrom.
16:39 of 2nd period - Stopped by Brad Thiessen with a rebound.
17:47 of 2nd period - Snap shot by Ryan Potulny.
17:47 of 2nd period - Deflect By Jesper Fast.
17:47 of 2nd period - Stopped by Brad Thiessen with a rebound.
17:49 of 2nd period - Snap shot by Tim Miller.
17:49 of 2nd period - Deflect By Jesper Fast.
17:49 of 2nd period - Shot Misses the Net.
17:49 of 2nd period - Puck is out of play.
17:50 of 2nd period - Carter Camper wins face-off versus Ryan Potulny in Admirals zone.
18:01 of 2nd period - Icing by Will O'Neill.
18:02 of 2nd period - Carter Camper wins face-off versus Ryan Potulny in Rampage zone.
18:27 of 2nd period - Icing by Mikael Samuelsson.
18:28 of 2nd period - Mike Zigomanis wins face-off versus Mikael Samuelsson in Rampage zone.
19:43 of 2nd period - Ryan Potulny is hit by Jean-Gabriel Pageau and loses puck.
Goals for this period are 0 for Admirals vs 0 for Rampage.
Shots for this period are 10 for Admirals vs 2 for Rampage.

3rd period


0:01 of 3rd period - Carter Camper wins face-off versus Mikael Samuelsson in neutral zone.
0:06 of 3rd period - Slapshot by Jonathan Marchessault.
0:06 of 3rd period - Stopped by Mike Murphy with a rebound.
0:16 of 3rd period - Wrist shot by Jerry D'Amigo.
0:16 of 3rd period - Shot Misses the Net.
0:35 of 3rd period - Wrist shot by Jerry D'Amigo.
0:35 of 3rd period - Stopped by Mike Murphy without a rebound.
0:36 of 3rd period - Calle Jarnkrok wins face-off versus Mike Zigomanis in Rampage zone.
0:49 of 3rd period - Snap shot by Jesper Fast.
0:49 of 3rd period - Deflect By Calle Jarnkrok.
0:49 of 3rd period - Shot Misses the Net.
0:49 of 3rd period - Puck is out of play.
0:50 of 3rd period - Mike Zigomanis wins face-off versus Calle Jarnkrok in Admirals zone.
1:03 of 3rd period - Snap shot by Jesper Fast.
1:03 of 3rd period - Shot Blocked by Bryan Rodney.
1:05 of 3rd period - Slapshot by Calle Jarnkrok.
1:05 of 3rd period - Shot Blocked by Mike Zigomanis.
1:07 of 3rd period - Snap shot by Calle Jarnkrok.
1:07 of 3rd period - Shot Blocked by Bryan Rodney.
1:21 of 3rd period - Slapshot by Calle Jarnkrok.
1:21 of 3rd period - Shot Blocked by Bryan Rodney.
2:17 of 3rd period - Slapshot by Jesper Fast.
2:17 of 3rd period - Stopped by Brad Thiessen without a rebound.
2:18 of 3rd period - Matt D'Agostini wins face-off versus Carter Camper in Admirals zone.
2:54 of 3rd period - Jonathan Marchessault is hit by Matt D'Agostini and loses puck.
4:25 of 3rd period - Snap shot by Jerry D'Amigo.
4:25 of 3rd period - Stopped by Mike Murphy with a rebound.
4:27 of 3rd period - Snap shot by Jerry D'Amigo.
4:27 of 3rd period - Stopped by Mike Murphy without a rebound.
4:28 of 3rd period - Darryl Boyce wins face-off versus Mikael Samuelsson in Rampage zone.
4:48 of 3rd period - Snap shot by Jonathan Marchessault.
4:48 of 3rd period - Stopped by Mike Murphy with a rebound.
4:50 of 3rd period - Snap shot by Scott Ford.
4:50 of 3rd period - Shot Blocked by Mikael Samuelsson.
6:10 of 3rd period - Snap shot by Jonathan Marchessault.
6:10 of 3rd period - Shot Blocked by Adam Almquist.
6:12 of 3rd period - Slapshot by Bryan Rodney.
6:12 of 3rd period - Stopped by Mike Murphy with a rebound.
6:38 of 3rd period - Snap shot by Eric Boulton.
6:38 of 3rd period - Deflect By Calle Jarnkrok.
6:38 of 3rd period - Shot Misses the Net.
6:38 of 3rd period - Puck is out of play.
6:39 of 3rd period - Calle Jarnkrok wins face-off versus Ryan Bourque in Admirals zone.
6:42 of 3rd period - Slapshot by Eric Boulton.
6:42 of 3rd period - Deflect By Calle Jarnkrok.
6:42 of 3rd period - Stopped by Brad Thiessen with a rebound.
7:02 of 3rd period - Bryan Rodney is hit by Martin Frk and loses puck.
7:15 of 3rd period - Keith Aulie is hit by Mike Sislo and loses puck.
7:30 of 3rd period - Mike Sislo is hit by Will O'Neill and loses puck.
7:48 of 3rd period - Wrist shot by Ryan Potulny.
7:48 of 3rd period - Stopped by Brad Thiessen with a rebound.
7:50 of 3rd period - Wrist shot by Ryan Potulny.
7:50 of 3rd period - Shot Misses the Net.
7:58 of 3rd period - Wrist shot by Matt D'Agostini.
7:58 of 3rd period - Stopped by Brad Thiessen with a rebound.
8:25 of 3rd period - Snap shot by Ryan Bourque.
8:25 of 3rd period - Deflect By Jerry D'Amigo.
8:25 of 3rd period - Shot Misses the Net.
8:25 of 3rd period - Puck is out of play.
8:26 of 3rd period - Farm Player11 wins face-off versus Mikael Samuelsson in Rampage zone.
8:35 of 3rd period - Wrist shot by Mikael Samuelsson.
8:35 of 3rd period - Stopped by Brad Thiessen with a rebound.
9:28 of 3rd period - Farm Player2 is hit by Eric Boulton and loses puck.
9:57 of 3rd period - Snap shot by Jesper Fast.
9:57 of 3rd period - Shot Blocked by Darryl Boyce.
9:59 of 3rd period - Slapshot by Calle Jarnkrok.
9:59 of 3rd period - Deflect By Jesper Fast.
9:59 of 3rd period - Stopped by Brad Thiessen with a rebound.
10:01 of 3rd period - Slapshot by Keith Aulie.
10:01 of 3rd period - Stopped by Brad Thiessen with a rebound.
10:03 of 3rd period - Snap shot by John Persson.
10:03 of 3rd period - Deflect By Calle Jarnkrok.
10:03 of 3rd period - Shot Misses the Net.
10:03 of 3rd period - Puck is out of play.
10:04 of 3rd period - Calle Jarnkrok wins face-off versus Mike Zigomanis in Admirals zone.
10:17 of 3rd period - Wrist shot by John Persson.
10:17 of 3rd period - Stopped by Brad Thiessen with a rebound.
10:19 of 3rd period - Snap shot by Ryan Potulny.
10:19 of 3rd period - Stopped by Brad Thiessen with a rebound.
10:21 of 3rd period - Slapshot by Ryan Potulny.
10:21 of 3rd period - Deflect By Matt Puempel.
10:21 of 3rd period - Deflect By Mike Zigomanis.
10:21 of 3rd period - Stopped by Brad Thiessen with a rebound.
10:23 of 3rd period - Wrist shot by John Persson.
10:23 of 3rd period - Deflect By Matt Puempel.
10:23 of 3rd period - Shot Blocked by Mike Zigomanis.
10:23 of 3rd period - Puck is out of play.
10:24 of 3rd period - Mike Zigomanis wins face-off versus Ryan Potulny in Admirals zone.
10:57 of 3rd period - Will O'Neill is hit by Ryan Bourque and loses puck.
11:09 of 3rd period - Slapshot by Darryl Boyce.
11:09 of 3rd period - Deflect By Jesper Fast.
11:09 of 3rd period - Shot Misses the Net.
11:09 of 3rd period - Puck is out of play.
11:10 of 3rd period - Mikael Samuelsson wins face-off versus Darryl Boyce in Rampage zone.
12:01 of 3rd period - Slapshot by Eric Boulton.
12:01 of 3rd period - Goal by Eric Boulton - Admirals : 1 - Rampage : 2.
12:02 of 3rd period - Mike Zigomanis wins face-off versus Matt D'Agostini in neutral zone.
12:10 of 3rd period - Minor Penalty to Eric Boulton for Hooking.
12:11 of 3rd period - Jean-Gabriel Pageau wins face-off versus Matt D'Agostini in Rampage zone.
12:39 of 3rd period - Cade Fairchild is hit by Matt D'Agostini and loses puck.
13:35 of 3rd period - Keith Aulie is hit by Carter Ashton and loses puck.
14:10 of 3rd period - Penalty to Eric Boulton is over, Eric Boulton is back on ice.
14:10 of 3rd period - Snap shot by Matt Puempel.
14:10 of 3rd period - Deflect By Eric Boulton.
14:10 of 3rd period - Stopped by Brad Thiessen with a rebound.
15:27 of 3rd period - Matt Puempel is hit by Farm Player11 and loses puck.
16:16 of 3rd period - Wrist shot by Mikael Samuelsson.
16:16 of 3rd period - Shot Blocked by Mike Sislo.
16:33 of 3rd period - Icing by Nathan McIver.
16:34 of 3rd period - Carter Camper wins face-off versus Calle Jarnkrok in Admirals zone.
16:34 of 3rd period - Carter Camper is hit by Eric Boulton.
17:16 of 3rd period - Minor Penalty to Jonathan Marchessault for Hooking.
17:17 of 3rd period - Ryan Bourque wins face-off versus Jesper Fast in Admirals zone.
17:26 of 3rd period - Charles-Olivier Roussel is hit by Ryan Bourque and loses puck.
17:58 of 3rd period - Snap shot by Matt Puempel.
17:58 of 3rd period - Stopped by Brad Thiessen with a rebound.
18:14 of 3rd period - Jesper Fast is hit by Mike Zigomanis and loses puck.
18:21 of 3rd period - Mike Zigomanis is hit by Nick Tuzzolino.
18:39 of 3rd period - Scott Ford is hit by Eric Boulton.
18:43 of 3rd period - Wrist shot by Eric Boulton.
18:43 of 3rd period - Deflect By Ryan Bourque.
18:43 of 3rd period - Shot Misses the Net.
18:43 of 3rd period - Puck is out of play.
18:44 of 3rd period - Ryan Potulny wins face-off versus Farm Player2 in Admirals zone.
19:03 of 3rd period - Snap shot by Eric Boulton.
19:03 of 3rd period - Shot Blocked by Carter Camper.
19:05 of 3rd period - Wrist shot by Matt Puempel.
19:05 of 3rd period - Goal by Matt Puempel - Admirals : 1 - Rampage : 3.
19:06 of 3rd period - Calle Jarnkrok wins face-off versus Mike Zigomanis in neutral zone.
19:34 of 3rd period - Icing by Bryan Rodney.
19:35 of 3rd period - Mikael Samuelsson wins face-off versus Mike Zigomanis in Admirals zone.
19:47 of 3rd period - Snap shot by Carter Ashton.
19:47 of 3rd period - Stopped by Mike Murphy with a rebound.
Goals for this period are 0 for Admirals vs 2 for Rampage.
Shots for this period are 7 for Admirals vs 14 for Rampage.


Output by the SimonT Hockey Simulator (STHS) for Eric Dolegowski -- Original Page W3C XHTML 1.0 Valid
Hockey Simulator - Hockey Simulation - Hockey Manager